 Dungeon Crawl Stone Soup version 0.20.0-10-g0535bb4 (webtiles) character file.

3553 grindst0ne the Covert (level 10, -1/72 HPs)
             Began as an Octopode Assassin on June 2, 2017.
             Was an Elder of Cheibriados.
             Slain by ThereIsNoGod's ghost (17 damage)
             ... on level 8 of the Dungeon on June 3, 2017.
             The game lasted 00:31:36 (9801 turns).

grindst0ne the Covert (Octopode Assassin)           Turns: 9801, Time: 00:31:37

Health: -1/72      AC:  1    Str: 20    XL:     10   Next: 9%
Magic:  11/11      EV: 20    Int: 24    God:    Cheibriados [****..]
Gold:   228        SH:  0    Dex: 23    Spells: 9/9 levels left

rFire    + . .     SeeInvis .   j - +3 dagger (venom)
rCold    . . .     Gourm    .   (no shield)
rNeg     . . .     Faith    .   (helmet restricted)
rPois    .         Spirit   .   (no amulet)
rElec    .         Reflect  .   C - ring of stealth
rCorr    .         Harm     .   (no ring)
MR       +....                  (no ring)
Stlth    ++++++++..             (no ring)
Regen    0.3/turn               (no ring)
MPRegen  0.2/turn               (no ring)
                                (no ring)
                                (no ring)

@: very slow
A: almost no armour, stealthy swim, amphibious, 8 rings, constrict 8, camouflage
1, blurry vision 1, clumsy 2, fire resistance 1, low mp 1, magic resistance 1,
wild magic 1, gelatinous body 1
a: Bend Time, Temporal Distortion, Slouch, Renounce Religion


You were on level 8 of the Dungeon.
You worshipped Cheibriados.
Cheibriados was greatly pleased with you.
You were not hungry.

You visited 1 branch of the dungeon, and saw 8 of its levels.

You collected 476 gold pieces.
You spent 248 gold pieces at shops.

Inventory:

Hand Weapons
 b - a +0 blowgun
 j - a +3 dagger of venom (weapon)
Missiles
 c - 8 poisoned needles
 d - 2 curare-tipped needles
 E - 7 needles of sleeping
Jewellery
 C - a ring of stealth (left tentacle)
Wands
 w - a wand of acid (11/15)
 z - a wand of confusion (39/48)
Scrolls
 g - a scroll of remove curse
 p - a scroll of blinking
 q - 5 scrolls of recharging
 u - 3 scrolls of teleportation
 y - a scroll of fog
 F - a scroll of magic mapping
 G - a scroll of enchant armour
Potions
 a - 6 potions of curing
 e - a potion of flight
 s - a potion of ambrosia
 t - a potion of brilliance
 x - 3 potions of might
 A - a potion of lignification {unknown}
 B - a potion of resistance {unknown}
Books
 k - a book of Minor Magic

   Spells                             Type                      Level
   a - Magic Dart                     Conjuration                  1
   b - Blink                          Translocation                2
   c - Call Imp                       Summoning                    2
   d - Slow                           Hexes                        2
   e - Conjure Flame                  Conjuration/Fire             3
   f - Mephitic Cloud                 Conjuration/Poison/Air       3
Comestibles
 f - 4 bread rations
 l - 5 meat rations
 m - 2 royal jellies
 r - 3 fruits


   Skills:
 - Level 8.1 Fighting
 - Level 2.0 Short Blades
 - Level 2.0 Throwing
 - Level 8.0 Dodging
 - Level 12.1 Stealth
 + Level 3.3 Evocations


You had 9 spell levels left.
You didn't know any spells.

Dungeon Overview and Level Annotations

Branches:
Dungeon (8/15)             Temple (0/1) D:7
   Lair: D:8-11

Altars:
Ashenzari
Cheibriados
Kikubaaqudgha
Nemelex Xobeh
Trog
Uskayaw
Vehumet
Yredelemnul
Zin
The Shining One

Shops:
D:4 !   D:7 (!*

Annotations:
D:5 1 exclusion, Pikel, Sigmund
D:7 1 runed door
D:8 ThereIsNoGod's ghost, novice MiFi


Innate Abilities, Weirdness & Mutations

You cannot wear most types of armour.
You are very stealthy in the water. (Stealth+)
You are amphibious.
You can wear up to eight rings at the same time.
You can use your tentacles to constrict eight enemies at once.
Your skin changes colour to match your surroundings (Stealth+).
Your rubbery body absorbs attacks. (AC +1, EV +1)
Scrolls take you a little longer to read.
You are very clumsy. (Dex -4)
Your flesh is heat resistant. (rF+)
Your magical capacity is low. (-10% MP)
You are resistant to hostile enchantments. (MR+)
Your spells are a little harder to cast, but a little more powerful.


Message History

ThereIsNoGod's ghost is lightly damaged.
You hit ThereIsNoGod's ghost. You squeeze ThereIsNoGod's ghost!
ThereIsNoGod's ghost is moderately damaged.
ThereIsNoGod's ghost closely misses you.
You hit ThereIsNoGod's ghost.
ThereIsNoGod's ghost is moderately damaged.
ThereIsNoGod's ghost hits you!!
You hit ThereIsNoGod's ghost but do no damage.
ThereIsNoGod's ghost is moderately damaged.
ThereIsNoGod's ghost closely misses you.
You closely miss ThereIsNoGod's ghost.
You squeeze ThereIsNoGod's ghost, but do no damage.
ThereIsNoGod's ghost is moderately damaged.
ThereIsNoGod's ghost hits you!!
* * * LOW HITPOINT WARNING * * *
(D) Dungeon (T) Temple
Where to? (Enter - D:8, ? - help) ThereIsNoGod's ghost is nearby!
ThereIsNoGod's ghost hits you!
You die...

#...#.##...................#
#..#..#...#............##..#
#...##..#.##...........# #..
######..#.................#.###..
.........................##..#Y..
...........#............)#.....Y.
...........#.....................
...###.........W.................
....#...........@........#.......
#.......................Z#..##...
##.........................###...
##..........#.............##....
#.........##...................
##..........#..#..............##
##.............................##
#....................^.........##
.............<###..............##


You could see ThereIsNoGod's ghost.

Vanquished Creatures
  A two-headed ogre (D:8)
  2 ice beasts (D:7)
  A sky beast (D:7)
  2 black bears (D:6)
  A phantom (D:6)
  6 ogres
  A centaur (D:6)
  3 bullfrogs
  6 scorpions
  4 howler monkeys
  A crimson imp (D:6)
  A bullfrog zombie (D:7)
  A quasit (D:7)
  2 centaur skeletons
  3 hounds
  4 jellies
  2 orc wizards
  5 orc priests
  3 bullfrog skeletons
  5 iguanas
  2 worker ants
  A killer bee zombie (D:6)
  A howler monkey zombie (D:6)
  4 gnolls
  8 adders
  A shadow imp (D:7)
  An ooze (D:4)
  An adder skeleton (D:4)
  3 worms
  3 dart slugs
  2 leopard geckos
  18 orcs
  8 bats
  5 giant cockroaches
  6 goblins
  8 hobgoblins
  21 jackals
  2 quokkas (D:4)
  A ball python (D:1)
  5 frilled lizards
  A jackal zombie (D:5)
  8 kobolds
  9 rats
173 creatures vanquished.

Notes
Turn   | Place    | Note
-------+----------+-------------------------------------------
     0 | D:1      | grindst0ne the Octopode Assassin began the quest for the Orb.
     0 | D:1      | Reached XP level 1. HP: 14/14 MP: 1/1
    31 | D:1      | Reached XP level 2. HP: 2/19 MP: 2/2
   899 | D:1      | Reached skill level 6 in Stealth
  1194 | D:1      | Reached XP level 3. HP: 24/24 MP: 3/3
  2222 | D:2      | Found a shattered altar of Ashenzari.
  2421 | D:2      | Found a snail-covered altar of Cheibriados.
  2430 | D:2      | Became a worshipper of Cheibriados the Contemplative
  2611 | D:2      | Reached XP level 4. HP: 21/29 MP: 4/4
  3176 | D:2      | Reached * piety under Cheibriados
  3176 | D:2      | Reached skill level 7 in Stealth
  3176 | D:2      | Reached XP level 5. HP: 21/34 MP: 5/5
  3441 | D:3      | Found an ancient bone altar of Kikubaaqudgha.
  3520 | D:3      | Found a faded altar of an unknown god.
  3659 | D:3      | Found a hide-covered altar of Uskayaw.
  3717 | D:3      | Found a sparkling altar of Nemelex Xobeh.
  4204 | D:4      | Reached skill level 8 in Stealth
  4204 | D:4      | Reached XP level 6. HP: 36/39 MP: 6/6
  4231 | D:4      | Gained mutation: Your spells are a little harder to cast, but a little more powerful. [potion of mutation]
  4231 | D:4      | Gained mutation: Your flesh is heat resistant. (rF+) [potion of mutation]
  4231 | D:4      | Gained mutation: You are clumsy. (Dex -2) [potion of mutation]
  4231 | D:4      | Gained mutation: You are resistant to hostile enchantments. (MR+) [potion of mutation]
  4941 | D:4      | Found Pahaef's Distillery.
  4944 | D:4      | Bought a potion of curing for 33 gold pieces
  4944 | D:4      | Bought a potion of heal wounds for 55 gold pieces
  5001 | D:4      | Reached skill level 5 in Dodging
  5001 | D:4      | Reached XP level 7. HP: 45/45 MP: 7/7
  5194 | D:4      | Reached ** piety under Cheibriados
  5254 | D:4      | Reached skill level 9 in Stealth
  5476 | D:4      | You fall through a shaft for 2 floors!
  5780 | D:5      | Entered Level 5 of the Dungeon
  5794 | D:5      | Found a glowing golden altar of the Shining One.
  5796 | D:5      | Found a radiant altar of Vehumet.
  5798 | D:5      | Found a basalt altar of Yredelemnul.
  6216 | D:5      | Reached *** piety under Cheibriados
  6218 | D:5      | Reached skill level 10 in Stealth
  6227 | D:5      | Reached XP level 8. HP: 19/50 MP: 8/8
  6971 | D:5      | Noticed Pikel
  7003 | D:5      | Noticed Sigmund
  7084 | D:6      | Reached skill level 11 in Stealth
  7647 | D:6      | Found a glowing silver altar of Zin.
  7735 | D:6      | Reached skill level 12 in Stealth
  7735 | D:6      | Reached XP level 9. HP: 28/54 MP: 9/9
  8242 | D:7      | Found Juidiebb's Assorted Antiques.
  8320 | D:7      | Found a runed door.
  8321 | D:7      | Noticed a sixfirhy
  8323 | D:7      | Found Looqyfoi's Distillery.
  8339 | D:7      | Bought a potion of heal wounds for 80 gold pieces
  8339 | D:7      | Bought a potion of heal wounds for 80 gold pieces
  8396 | D:7      | Reached **** piety under Cheibriados
  8396 | D:7      | Reached skill level 5 in Fighting
  8403 | D:7      | Gained mutation: Your magical capacity is low. (-10% MP) [mutagenic meat]
  8404 | D:7      | Gained mutation: Scrolls take you a little longer to read. [mutagenic meat]
  8405 | D:7      | Gained mutation: You are very clumsy. (Dex -4) [mutagenic meat]
  8595 | D:7      | Found Zeiplukao's Antique Weapon Boutique.
  8765 | D:7      | Found a staircase to the Ecumenical Temple.
  9015 | D:8      | Noticed a two-headed ogre
  9022 | D:8      | Killed a two-headed ogre
  9119 | D:8      | Reached XP level 10. HP: 72/72 MP: 9/9
  9226 | D:8      | Reached skill level 1 in Evocations
  9238 | D:8      | Found a bloodstained altar of Trog.
  9290 | D:8      | Noticed ThereIsNoGod's ghost (novice MiFi)
  9387 | D:7      | Upgraded the game from 0.20.0-8-g6b59dc7 to 0.20.0-10-g0535bb4
  9801 | D:8      | Slain by ThereIsNoGod's ghost

Skill      XL: |  1  2  3  4  5  6  7  8  9 10 |
---------------+-------------------------------+-----
Dodging        | 2 3 4 5 6 8 |  8.0
Stealth        | 6 7 8 10 12 | 12.1
Fighting       | 8 |  8.1
Evocations     | 3 |  3.3
Short Blades   | |  2.0
Throwing       | |  2.0

Action                   |  1- 3 |  4- 6 |  7- 9 | 10-12 || total
-------------------------+-------+-------+-------+-------++-------
Melee: Dagger            |    83 |    76 |   185 |    28 ||   372
       Constrict         |    24 |    19 |    40 |     4 ||    87
       Tentacles         |    15 |    20 |    57 |    11 ||   103
Invok: Bend Time         |       |       |       |     2 ||     2
  Use: Scroll            |       |    11 |    10 |       ||    21
       Potion            |       |     3 |     1 |     5 ||     9
 Stab: Sleeping          |     7 |    13 |    30 |     4 ||    54
       Distracted        |     1 |     1 |     2 |       ||     4
  Eat: Chunk             |     5 |     4 |    11 |     1 ||    21
Armor: Skin              |    19 |     4 |     2 |       ||    25
Dodge: Dodged            |    61 |    37 |   115 |    46 ||   259
